AoeStats
← BottleDry

Lombardia

509206694Analyzed
4v4 RM · 6d ago on Sep 25, 2026· 71m 23s· 8 players
Game mode
Random Map
Map size
Large (8 player)
Population
200
Speed
Normal
Resources
Standard
Victory
Conquest
Starting age
Dark Age
Ending age
Imperial Age
RankedLock teamsTeams togetherTeam positionsShared explorationLock speedFull tech treeHidden civsTurbo modeCheats
Victory
Defeat
🇷🇺 Italians · Russia
998
+14
🇺🇸 Saxons · United States
923
+17
🇦🇹 Hindustanis · Austria
915
+18
🇺🇸 Muisca · United States
903
+18
🇦🇷 Varangians · Argentina
1064
-21
🇦🇷 Celts · Argentina
961
-17
🇧🇷 Franks · Brazil
908
-15
🇦🇷 Varangians · Argentina
877
-14
soy el Nico
10:13 Feudal Age
10:48 Horse Collar
11:05 Double-Bit Axe
18:18 Castle Age
17:28 Stone Mining
19:57 Husbandry
21:04 Bow Saw
21:04 Heavy Plow
21:35 Fletching
25:33 Forging
26:44 Loom
28:28 Scale Barding Armor
28:31 Town Watch
28:48 Bodkin Arrow
29:25 Bloodlines
31:20 Wheelbarrow
30:58 Gold Mining
32:17 Chain Barding Armor
32:54 Hand Cart
33:40 Iron Casting
41:14 Imperial Age
42:34 Plate Barding Armor
43:02 Blast Furnace
42:26 Bracer
41:48 Cavalier
44:31 Murder Holes
45:37 Chemistry
44:14 Vendel Legacy
48:36 Conscription
48:59 Masonry
50:28 Caravan
54:51 Ballistics
55:07 Elite Jarl
55:22 Light Cavalry
56:42 Architecture
55:51 Elite Skirmisher
57:59 Hussar
64:22 Town Patrol
67:19 Gothikon
elfernetdeshiku
10:25 Feudal Age
10:52 Double-Bit Axe
12:55 Horse Collar
13:33 Gold Mining
15:02 Loom
21:54 Castle Age
20:40 Stone Mining
22:00 Forging
23:00 Bow Saw
23:33 Gold Shaft Mining
24:43 Heavy Plow
25:58 Scale Mail Armor
31:04 Chain Mail Armor
31:52 Wheelbarrow
33:26 Iron Casting
33:50 Hand Cart
38:15 Imperial Age
39:49 Plate Mail Armor
38:48 Capped Ram
40:31 Stone Shaft Mining
40:19 Elite Woad Raider
42:35 Blast Furnace
41:35 Town Watch
45:03 Chemistry
43:46 Pikeman
44:44 Scale Barding Armor
44:02 Light Cavalry
45:06 Pikeman
46:00 Masonry
47:18 Husbandry
49:11 Chain Barding Armor
48:46 Arson
50:46 Siege Ram
54:57 Elite Skirmisher
57:03 Padded Archer Armor
56:26 Hussar
57:49 Ballistics
59:45 Conscription
61:15 Fletching
65:42 Leather Archer Armor
creed
2:23 Loom
11:54 Feudal Age
18:52 Castle Age
18:28 Forging
18:26 Scale Barding Armor
21:23 Husbandry
26:00 Wheelbarrow
26:35 Town Watch
27:05 Gold Mining
29:07 Double-Bit Axe
30:40 Stone Mining
33:43 Imperial Age
31:30 Fletching
32:54 Hand Cart
33:42 Masonry
34:43 Gold Shaft Mining
33:44 Cavalier
35:04 Caravan
36:14 Light Cavalry
38:03 Iron Casting
40:38 Gold Shaft Mining
39:29 Paladin
41:15 Pikeman
42:29 Bow Saw
43:50 Conscription
44:59 Blast Furnace
45:11 Ballistics
45:50 Chain Barding Armor
46:24 Scale Mail Armor
46:25 Padded Archer Armor
50:47 Squires
50:32 Gambesons
52:08 Hoardings
53:18 Chemistry
52:15 Murder Holes
52:53 Architecture
52:18 Murder Holes
52:30 Siege Engineers
53:24 Plate Barding Armor
53:35 Coinage
54:19 Bodkin Arrow
56:12 Banking
57:56 Chain Mail Armor
57:57 Leather Archer Armor
69:34 Elite Throwing Axeman
Sauco
2:58 Loom
12:10 Feudal Age
16:24 Castle Age
14:35 Stone Mining
18:09 Squires
19:19 Wheelbarrow
20:18 Gambesons
28:45 Horse Collar
40:13 Imperial Age
38:00 Hand Cart
37:32 Town Watch
41:09 Town Patrol
41:15 Gold Mining
41:29 Arson
41:59 Scale Barding Armor
48:18 Conscription
49:35 Gothikon
50:55 Caravan
51:14 Heavy Plow
51:07 Double-Bit Axe
52:29 Stone Shaft Mining
53:32 Bow Saw
53:56 Crop Rotation
55:04 Guilds
54:17 Elite Varangian Guard
55:05 Scale Mail Armor
55:16 Forging
55:12 Treadmill Crane
55:28 Murder Holes
55:55 Ballistics
BottleDry
7:14 Loom
9:56 Feudal Age
11:05 Double-Bit Axe
11:04 Horse Collar
14:25 Wheelbarrow
15:39 Scale Barding Armor
16:30 Forging
21:13 Castle Age
20:37 Gold Mining
20:38 Stone Mining
21:33 Scale Mail Armor
21:23 Arson
21:46 Man-at-Arms
22:11 Gambesons
22:17 Gambesons
23:01 Man-at-Arms
24:40 Long Swordsman
26:05 Bow Saw
26:04 Heavy Plow
27:51 Squires
28:15 Chain Mail Armor
29:25 Town Watch
29:59 Hand Cart
31:43 Iron Casting
36:52 Imperial Age
34:24 Fletching
36:16 Elite Skirmisher
36:58 Padded Archer Armor
36:53 Bodkin Arrow
38:04 Plate Mail Armor
38:05 Conscription
37:07 Shield Wall
40:34 Town Patrol
41:00 Chain Barding Armor
40:41 Bracer
42:30 Leather Archer Armor
43:29 Chemistry
44:19 Murder Holes
44:36 Fortified Wall
44:47 Pikeman
44:58 Two-Handed Swordsman
46:16 Ring Archer Armor
45:14 Elite Hearth Troop
47:20 Halberdier
47:34 Two-Handed Swordsman
49:38 Two-Man Saw
49:27 Elite Varangian Guard
51:03 Ballistics
54:09 Champion
Gbetosaurus
9:23 Feudal Age
10:19 Double-Bit Axe
18:02 Castle Age
16:00 Horse Collar
19:11 Heavy Plow
19:23 Bow Saw
20:12 Gold Mining
21:08 Loom
21:18 Stone Mining
22:12 Gold Shaft Mining
26:28 Stone Shaft Mining
28:16 Wheelbarrow
27:09 Crossbowman
27:55 Thumb Ring
27:41 Fletching
27:52 Padded Archer Armor
31:33 Bodkin Arrow
31:56 Leather Archer Armor
32:19 Hand Cart
36:00 Imperial Age
34:44 Redemption
35:53 Ballistics
37:11 Arbalester
38:30 Bracer
39:34 Herbalism
43:10 Conscription
51:48 Huaracas
prayforgood
11:43 Feudal Age
10:01 Loom
14:28 Double-Bit Axe
18:05 Castle Age
17:29 Horse Collar
17:49 Stone Mining
21:05 Scale Barding Armor
22:13 Forging
23:18 Bow Saw
26:35 Wheelbarrow
27:00 Town Watch
30:47 Grand Trunk Road
31:17 Hand Cart
35:54 Imperial Age
33:32 Gold Mining
34:42 Town Patrol
34:50 Husbandry
35:08 Bloodlines
35:52 Ballistics
35:28 Murder Holes
38:46 Iron Casting
38:11 Scale Mail Armor
38:32 Chain Barding Armor
38:37 Heavy Camel Rider
40:40 Heavy Plow
43:05 Chemistry
42:43 Plate Barding Armor
43:22 Elite Ghulam
44:28 Conscription
45:29 Caravan
49:39 Imperial Camel Rider
53:04 Blast Furnace
56:25 Shatagni
57:19 Block Printing
57:16 Fervor
58:31 Fletching
58:42 Padded Archer Armor
62:12 Gold Shaft Mining
62:12 Stone Shaft Mining
Cairo
0:47 Loom
12:55 Feudal Age
13:41 Double-Bit Axe
16:12 Gold Mining
16:16 Horse Collar
21:18 Castle Age
19:45 Fletching
19:55 Padded Archer Armor
20:01 Stone Mining
29:01 Town Watch
30:18 Ballistics
33:42 Heavy Plow
35:29 Padded Archer Armor
36:40 Wheelbarrow
40:42 Imperial Age
42:25 Chemistry
42:11 Bodkin Arrow
42:57 Leather Archer Armor
44:02 Bracer
44:31 Hand Cart
47:25 Murder Holes
49:07 Ring Archer Armor
57:05 Thumb Ring
69:12 Elite Genoese Crossbowman
Connection lost

Rejoining the realm…

Still unreachable

The connection could not be restored.

Session expired

The server has moved on; the page needs a fresh start.